 Dungeon Crawl Stone Soup version 0.29-a0-541-gaf1fc19f1b (webtiles) character file.

Game seed: 12543177124987425183

205 Hubjo the Magician (level 5, -4/31 HPs)
             Began as a Deep Elf Fire Elementalist on June 2, 2022.
             Was an Initiate of Ashenzari.
             Slain by a wraith (8 damage)
             ... in an ossuary.
             The game lasted 00:05:03 (5575 turns).

Hubjo the Magician (Deep Elf Fire Elementalist)     Turns: 5575, Time: 00:05:04

Health: -4/31      AC:  2    Str:  5    XL:     5   Next: 52%
Magic:  9/13       EV: 13    Int: 22    God:    Ashenzari [......]
Gold:   120        SH:  0    Dex: 15    Spells: 11/12 levels left

rFire   . . .      SeeInvis .   (no weapon)
rCold   . . .      Faith    .   (no shield)
rNeg    . . .      Spirit   .   a - +0 robe
rPois   .          Reflect  .   (no helmet)
rElec   .          Harm     .   (no cloak)
rCorr   .          Rampage  .   (no gloves)
Will    .....                   (no boots)
Stlth   +++.......              c - amulet of Ashenzari's Loss {Acrobat, Cun, Elem} (curse)
HPRegen 0.10/turn               (no ring)
MPRegen 0.13/turn               (no ring)

@: slowed, very slow
A: no striking features
a: Renounce Religion, Curse Item, Shatter the Chains


You were in an ossuary.
You worshipped Ashenzari.
Ashenzari was noncommittal.
You visited 1 branch of the dungeon, and saw 4 of its levels.
You also visited: Ossuary.

You collected 120 gold pieces.

Inventory:

Armour
 a - a +0 robe (worn)
 k - a +0 pair of boots of rampaging
 n - a +1 pair of gloves
Jewellery
 c - the cursed amulet of Ashenzari's Loss (around neck) {Acrobat, Cun, Elem}
   (You found it on level 1 of the Dungeon)

   [amulet of the acrobat]

   It increases your evasion while moving and waiting.
   It has a curse which improves the following skills: Cunning: Dodging and
   Stealth.
   Elements:  Fire Magic, Ice Magic, Air Magic and Earth Magic.
Scrolls
 d - a scroll of fog {unknown}
 e - 2 scrolls of teleportation {unknown}
 g - 4 scrolls of identify {unknown}
 l - 2 scrolls of immolation {unknown}
 o - a scroll of magic mapping {unknown}
Potions
 b - a potion of magic
 f - a potion of degeneration {unknown}
 h - a potion of lignification {unknown}
 i - a potion of haste {unknown}
 j - a potion of curing {unknown}


   Skills:
 * Level 2.5 Fighting
 - Level 2.4(2.8) Dodging
 + Level 3.9(4.3) Stealth
 + Level 4.4 Spellcasting
 - Level 1.1 Conjurations
 + Level 4.3(4.7) Fire Magic


You had 11 spell levels left.
You knew the following spells:

 Your Spells              Type           Power      Damage    Failure   Level
a - Foxfire               Conj/Fire      68%        2x1d7     3%          1

Your spell library contained the following spells:

 Spells                   Type           Power      Damage    Failure   Level
 Scorch                   Fire           50%        2d7       2%          2
 Magic Dart               Conj           36%        1d4       7%          1
 Conjure Flame            Conj/Fire      17%        6-21      10%         3
 Searing Ray              Conj           18%        2d5       11%         2
 Inner Flame              Hex/Fire       15%        N/A       12%         3
 Flame Wave               Conj/Fire      17%        2d6       32%         4
 Fulminant Prism          Conj/Hex       3%         3d6       65%         4
 Summon Ice Beast         Ice/Summ       4%         N/A       71%         4
 Summon Mana Viper        Hex/Summ       4%         N/A       96%         5
 Monstrous Menagerie      Summ           2%         N/A       100%        7


Dungeon Overview and Level Annotations

Branches:
Dungeon (4/15)            Ossuary (1/1)
 Temple: D:4-7

Altars:
Ashenzari
Zin

Shops:
D:3 :


Message History

A wraith is nearby!
A wraith is nearby!
You conjure some foxfire!
You conjure some foxfire!
There is not enough space to conjure foxfire!
There is not enough space to conjure foxfire!
There is not enough space to conjure foxfire!
There is not enough space to conjure foxfire!
The foxfire hits the wraith but does no damage. x2
The foxfire hits the wraith.
The wraith is lightly damaged.
The foxfire hits the wraith but does no damage.
The wraith is lightly damaged.
You conjure some foxfire!
The foxfire hits the wraith but does no damage.
The wraith is lightly damaged.
The foxfire hits the wraith but does no damage.
The wraith is lightly damaged.
You conjure some foxfire!
The wraith hits you! The wraith drains your vigour!
You feel yourself slow down.
The foxfire hits the wraith.
The wraith is lightly damaged.
The foxfire hits the wraith but does no damage.
The wraith is lightly damaged.
The wraith hits you. The wraith drains your vigour!
You feel as though you will be slow longer.
You conjure some foxfire!
The wraith hits you. The wraith drains your vigour!
You feel as though you will be slow longer.
The wraith closely misses you.
The foxfire hits the wraith but does no damage.
The wraith is lightly damaged.
The foxfire hits the wraith.
The wraith is lightly damaged.
The wraith hits you!
* * * LOW HITPOINT WARNING * * *
The wraith drains your vigour!
You feel as though you will be slow longer.
This is a scroll of acquirement!
Something appears at your feet! The wraith hits you!
You die...

...#####...
.##...##. .
##.!?!.## . ..
.?.!!?. .. ...
...!. ... #... ...
...# #...##W##...#
. #....@....# ...
..#####ยง#####....
.................
.................
######'''########
#...#### +...'..#
#...#..# #...####


You could see a wraith.

Vanquished Creatures
  A howler monkey (D:4)
  A mummy (Ossuary)
  6 adders
  A gnoll (D:1)
  2 worms
  2 dart slugs
  An orc (D:2)
  7 ball pythons
  6 endoplasms
  A giant cockroach (D:1)
  8 goblins
  4 hobgoblins
  3 jackals (D:1)
  8 kobolds
  4 quokkas
  8 bats
  A frilled lizard (D:3)
  3 gnoll skeletons (Ossuary)
  2 kobold skeletons (Ossuary)
  4 orc skeletons (Ossuary)
  7 rats
  A rat zombie (D:4)
81 creatures vanquished.

Vanquished Creatures (others)
  418 foxfires
418 creatures vanquished.

Grand Total: 499 creatures vanquished

Notes
Turn   | Place    | Note
-------+----------+-------------------------------------------
     0 | D:1      | Hubjo the Deep Elf Fire Elementalist began the quest for
                  | the Orb.
     0 | D:1      | Reached XP level 1. HP: 10/10 MP: 6/6
    79 | D:1      | Reached XP level 2. HP: 8/16 MP: 0/8
   259 | D:1      | Found a faded altar of an unknown god.
   313 | D:1      | Reached skill level 1 in Fighting
   334 | D:1      | Prayed at the altar of an unknown god.
   334 | D:1      | Became a worshipper of Ashenzari the Shackled
   890 | D:1      | Reached XP level 3. HP: 20/20 MP: 6/9
  2778 | D:2      | Reached XP level 4. HP: 24/26 MP: 7/11
  3966 | D:3      | Found Pirhisi's Book Shop.
  4272 | D:3      | Reached XP level 5. HP: 30/30 MP: 8/13
  4390 | D:3      | Found a glowing silver altar of Zin.
  5325 | D:4      | Found a sand-covered staircase.
  5338 | Ossuary  | Entered an ossuary
  5338 | Ossuary  | Noticed a wraith
  5338 | Ossuary  | Noticed a wraith
  5338 | Ossuary  | Noticed a wraith
  5565 | Ossuary  | Noticed a wraith
  5575 | Ossuary  | Identified a scroll of acquirement
  5575 | Ossuary  | Acquired a +5 vampiric lajatang
  5575 | Ossuary  | Slain by a wraith

Illustrated notes

Levels and vault maps discovered:
D:1:      dpeg_arrival_round_b, layout_loops_corners,
          ebering_ecumenical_altar_abandoned, minmay_misc_feat_secret_circle,
          minmay_crystal_water, minmay_strange_pillars
D:2:      layout_basic
D:3:      layout_basic, mainiacjoe_overflow_small_starburst, serial_shops, shop
D:4:      layout_layer_cave, mainiacjoe_overflow_alcove_2, enter_ossuary_3
Ossuary:  ossuary_due_mausoleum

Skill      XL: |  1  2  3  4 |
---------------+-------------+-----
Fighting       | 1 2 |  2.5
Stealth        | 3 |  3.9
Fire Magic     | 4 |  4.3
Spellcasting   | 4 |  4.4
Dodging        | |  2.4
Conjurations   | |  1.1

Action                   |  1- 3 |  4- 6 || total
-------------------------+-------+-------++-------
Melee: Unarmed           |     7 |     9 ||    16
 Cast: Foxfire           |   123 |   143 ||   266
Invok: Curse Item        |     1 |       ||     1
  Use: Scroll            |       |     1 ||     1
Armor: Robe              |     5 |     4 ||     9
Dodge: Dodged            |    32 |    28 ||    60

Table legend: (Time is in decaauts)
 A = Elapsed time spent in this place.
 B = Non-inter-level travel time spent in this place.
 C = Inter-level travel time spent in this place.
 D = Time resting spent in this place.
 E = Time spent auto-exploring this place.
 F = Levels seen in this place.
 G = Mean time per level.
                   A        B        C        D        E       F      G
               +--------+--------+--------+--------+--------+-----+--------+
         Total |   5576 |   5416 |    160 |      0 |   4684 |   5 | 1115.2 |
       Dungeon |   5338 |   5178 |    160 |      0 |   4487 |   4 | 1334.5 |
       Ossuary |    238 |    238 |      0 |      0 |    197 |   1 |  238.0 |
               +--------+--------+--------+--------+--------+-----+--------+

Top non-repeatable levels by time:
     D:1: 1977 daAuts
     D:2: 1863 daAuts
     D:3: 1099 daAuts
     D:4: 397 daAuts
 Ossuary: 238 daAuts
